 Dungeon Crawl Stone Soup version 0.31.0 (webtiles) character file.

Game seed: 13650936505443685327

229 qw the Shooter (level 6, -2/38 HPs)
             Began as a Gargoyle Hunter on Jan 19, 2024.
             Slain by an orc
             ... wielding a +0 mace
              (6 damage)
             ... on level 4 of the Dungeon.
             The game lasted 00:00:10 (2399 turns).

qw the Shooter (Gargoyle Hunter)                    Turns: 2399, Time: 00:00:10

Health: -2/38      AC: 10    Str: 14      XL:     6   Next: 3%
Magic:  6/6        EV: 10    Int:  9 (10) God:
Gold:   174        SH:  0    Dex: 12 (15) Spells: 5/5 levels left

rFire   . . .        a - +0 shortbow
rCold   . . .        (shield currently unavailable)
rNeg    + . .        b - +0 ring mail
rPois   inf          d - +1 hat
rElec   +            (no cloak)
rCorr   .            (no gloves)
SInv    +            (no boots)
Will    .....        (no amulet)
Stlth   +            f - ring of see invisible
HPRegen 0.26/turn    (no ring)
MPRegen 0.10/turn

%: no passive effects
@: no status effects
A: sickness immunity, AC +4, negative energy resistance 1, electricity
resistance, torment resistance 1, petrification resistance
a: no special abilities


You were on level 4 of the Dungeon.
You visited 1 branch of the dungeon, and saw 4 of its levels.

You collected 174 gold pieces.


Innate Abilities, Weirdness & Mutations

You are immune to sickness and miasma.
Your stone body is resilient. (AC +4)
You are immune to poison.
You resist negative energy. (rN+)
You are resistant to electric shocks. (rElec)
You are resistant to unholy torment.
You are immune to petrification.


   Skills:
 - Level 4.1 Fighting
 + Level 6.0 Ranged Weapons
 - Level 1.5 Armour
 - Level 1.5 Dodging
 - Level 1.1 Stealth


You had 5 spell levels left.
You didn't know any spells.
Your spell library was empty.

Inventory:

Hand Weapons
 a - a +0 shortbow (weapon)
Armour
 b - a +0 ring mail (worn)
 d - a +1 hat (worn)
Jewellery
 f - a ring of see invisible (left hand)
Scrolls
 c - a scroll of identify
Potions
 e - 2 potions of curing
 g - a potion of might
 h - a potion of berserk rage {unknown}

Dungeon Overview and Level Annotations

Branches:
Dungeon (4/15)
 Temple: D:4-7

Altars:
Xom


Message History

The sleepcap is moderately damaged.
The sleepcap releases spores at you but does no damage.
The orc completely misses you.
You shoot an arrow. The arrow hits the sleepcap.
The sleepcap is heavily damaged.
The orc hits you but does no damage. The sleepcap barely misses you.
You shoot an arrow. The arrow hits the sleepcap.
The sleepcap is severely damaged.
The orc closely misses you. The sleepcap releases spores at you.
You shoot an arrow.
The arrow hits the sleepcap but does no damage.
The sleepcap is severely damaged.
The orc barely misses you. The sleepcap completely misses you.
The sleepcap releases spores at you but does no damage.
The orc closely misses you.
You shoot an arrow. The arrow hits the sleepcap.
The sleepcap is almost destroyed.
The orc priest miscasts a cantrip.
The sleepcap releases spores at you but does no damage.
The orc hits you with a +0 mace.
You shoot an arrow. The arrow hits the sleepcap.
The sleepcap is almost destroyed.
The orc misses you. The sleepcap releases spores at you.
You shoot an arrow. The arrow hits the sleepcap.
The sleepcap is almost destroyed.
The sleepcap releases spores at you. The orc hits you but does no damage.
You shoot an arrow. The arrow hits the sleepcap.
You destroy the sleepcap!
The orc hits you but does no damage. The orc priest barely misses you.
The orc closely misses you.
You shoot an arrow. The arrow hits the orc priest.
You kill the orc priest!
The orc hits you with a +0 mace.
You feel your strength returning.
Your Fighting skill increases to level 4!
You have reached level 6!
You shoot an arrow. The arrow hits the orc.
The orc is lightly wounded.
The orc hits you with a +0 mace.
You die...

##.. #.......# #...
.......####+####...
....?..#.......#...
.....##.......##.. ....
+.........'.. #####..
##.........##. #+#...#)#
#...........#.
###.....o@#####.......####
#...........#.#+#...#'#.#
#.........##...#####...##
+.........+......#......+
##.......##......#......#
#.......#......%#.......
####'####.......'.......
#.......#.......#.......
##.......##......#......#


You could see an orc.

Vanquished Creatures
  2 bombardier beetles (D:3)
  A hound (D:4)
  An orc priest (D:4)
  A sleepcap (D:4)
  An adder (D:3)
  A dart slug (D:3)
  3 orcs
  10 endoplasms
  3 giant cockroaches
  5 goblins
  4 hobgoblins
  9 kobolds
  5 quokkas
  6 ball pythons
  9 bats
  3 frilled lizards
  4 rats
68 creatures vanquished.

Notes
Turn   | Place    | Note
-------+----------+-------------------------------------------
     0 | D:1      | qw the Gargoyle Hunter began the quest for the Orb.
     0 | D:1      | Reached XP level 1. HP: 12/12 MP: 1/1
     0 | D:1      | 0 ||| qw: Version: 0.3-a-132-g3d54051
     0 | D:1      | 0 ||| qw: Game counter: 371
     0 | D:1      | 0 ||| qw: Melee chars always use a shield: true
     0 | D:1      | 0 ||| qw: God list: Okawaru
     0 | D:1      | 0 ||| qw: Allow faded altars: false
     0 | D:1      | 0 ||| qw: Do Orc after clearing Dungeon:15 true
     0 | D:1      | 0 ||| qw: Do second Lair branch before Depths: true
     0 | D:1      | 0 ||| qw: Lair rune preference: random
     0 | D:1      | 0 ||| qw: Goals: Normal
     0 | D:1      | 0 ||| PLANNING D:1-11
    95 | D:1      | Reached XP level 2. HP: 10/17 MP: 2/2
   691 | D:1      | Reached XP level 3. HP: 21/21 MP: 3/3
   765 | D:1      | Reached skill level 5 in Ranged Weapons
   823 | D:1      | 823 ||| UPGRADING to +1 hat.
   828 | D:1      | 828 ||| UPGRADING to ring of see invisible.
   829 | D:1      | 829 ||| READING scroll labelled VACVYU MITSYRR.
   830 | D:1      | 830 ||| DRINKING 2 fizzy orange potions.
   831 | D:1      | 831 ||| DROPPING scroll of butterflies.
   895 | D:2      | 895 ||| FLEEEEING.
   898 | D:2      | 898 ||| STAIRDANCE
   917 | D:1      | 917 ||| READING scroll labelled IXTEAVU DIPNAUVYSK.
   918 | D:1      | 918 ||| READING scroll labelled JUWKYU EROTAQUO.
  1315 | D:2      | 1315 ||| READING scroll labelled ULEUJA YJIH.
  1416 | D:2      | 1416 ||| READING scroll labelled BEOKOS MURAE.
  1416 | D:2      | 1416 ||| IDENTIFYING metallic black potion
  1417 | D:2      | 1417 ||| DRINKING 2 brown potions.
  1418 | D:2      | 1418 ||| DROPPING potion of brilliance.
  1429 | D:3      | 1429 ||| STAIRDANCE
  1495 | D:3      | Reached skill level 3 in Fighting
  1512 | D:3      | Reached XP level 4. HP: 28/28 MP: 4/4
  1652 | D:3      | 1652 ||| FLEEEEING.
  1697 | D:3      | Reached XP level 5. HP: 32/32 MP: 5/5
  2070 | D:3      | 2070 ||| UPGRADING to +0 ring mail.
  2080 | D:3      | 2080 ||| DROPPING +0 leather armour.
  2081 | D:3      | 2081 ||| READING 2 scrolls of identify.
  2081 | D:3      | 2081 ||| IDENTIFYING amethyst potion
  2082 | D:3      | 2082 ||| READING scroll of identify.
  2082 | D:3      | 2082 ||| IDENTIFYING 2 emerald potions
  2083 | D:3      | 2083 ||| READING scroll labelled ETRIKH MOCH.
  2084 | D:3      | 2084 ||| READING scroll labelled IHOZUTYNIPN.
  2087 | D:3      | 2087 ||| DRINKING 3 ruby potions.
  2088 | D:3      | 2088 ||| DROPPING 2 potions of attraction.
  2089 | D:3      | 2089 ||| DROPPING 2 potions of degeneration.
  2144 | D:4      | Found a shimmering altar of Xom.
  2145 | D:4      | Found a shimmering altar of Xom.
  2146 | D:4      | Found a shimmering altar of Xom.
  2146 | D:4      | Found a shimmering altar of Xom.
  2147 | D:4      | Found a shimmering altar of Xom.
  2256 | D:4      | Reached skill level 1 in Armour
  2256 | D:4      | 2256 ||| FLEEEEING.
  2361 | D:4      | Reached skill level 6 in Ranged Weapons
  2386 | D:4      | HP: 1/32 [orc priest/divine providence (17)]
  2387 | D:4      | 2387 ||| DRINKING potion of heal wounds.
  2395 | D:4      | HP: 8/32 [sleepcap (2)]
  2398 | D:4      | HP: 3/33 [orc/+0 mace (3)]
  2399 | D:4      | Reached XP level 6. HP: 3/38 MP: 6/6
  2399 | D:4      | Slain by an orc

Levels and vault maps discovered:
D:1:      wander_arrival_fairy_ring, layout_loops_corners, dk_noncrumbling_3
D:2:      layout_basic, minmay_tetromino_s2
D:3:      layout_loops_ring
D:4:      nicolae_cairo_tiling_very_big, layout_loops_cross, xom_redecorated

Skill      XL: |  1  2  3  4  5 |
---------------+----------------+-----
Ranged Weapons | 5 6 |  6.0
Fighting       | 3 4 |  4.1
Armour         | 1 |  1.5
Dodging        | |  1.5
Stealth        | |  1.1

Action                     |  1- 3 |  4- 6 || total
---------------------------+-------+-------++-------
   Fire: Shortbow          |   127 |    98 ||   225
    Use: Scroll            |     5 |     4 ||     9
         Potion            |     2 |     2 ||     4
 Armour: Leather armour    |    25 |    19 ||    44
         Ring mail         |       |    33 ||    33
  Dodge: Dodged            |    33 |    35 ||    68

Table legend:
 A = Non-vault XP
 B = Vault XP
 C = Vault XP percentage of total XP
 D = Non-vault monster count
 E = Vault monster count
 F = Vault count percentage of total count
                 A         B        C        D         E       F
            +---------+---------+-------+---------+---------+-------
      Total |     325 |       3 |   0.9 |      66 |       2 |   2.9
            +---------+---------+-------+---------+---------+-------
        D:1 |      40 |       0 |   0.0 |      25 |       0 |   0.0
        D:2 |      15 |       3 |  16.7 |       9 |       2 |  18.2
        D:3 |     136 |       0 |   0.0 |      24 |       0 |   0.0
        D:4 |     134 |       0 |   0.0 |       8 |       0 |   0.0
            +---------+---------+-------+---------+---------+-------
